 Dungeon Crawl Stone Soup version 0.29.1-1-gd02db6906a (webtiles) character file.

Game seed: 12618925874627402298

466 raph the Conjurer (level 6, 0/32 HPs)
             Began as a Deep Elf Conjurer on Oct 13, 2022.
             Was a Follower of Vehumet.
             Slain by Crazy Yiuf
             ... wielding a +4 quarterstaff of chaos
              (16 damage)
             ... on level 4 of the Dungeon.
             The game lasted 00:07:50 (4899 turns).

raph the Conjurer (Deep Elf Conjurer)               Turns: 4899, Time: 00:07:50

Health: 0/32       AC: 10    Str:  4    XL:     6   Next: 81%
Magic:  6/15       EV: 11    Int: 25    God:    Vehumet [*.....]
Gold:   294        SH:  0    Dex: 15    Spells: 5/15 levels left

rFire   . . .      SeeInvis .   a - +1 rapier
rCold   + . .      Faith    .   (no shield)
rNeg    + + .      Spirit   .   i - +1 leather armour of Beauty {rC+}
rPois   .          Reflect  .   r - +1 helmet
rElec   .          Harm     .   o - scarf {repulsion}
rCorr   .          Rampage  .   s - +1 pair of gloves "Hinwigawn" {rN++ Dex+2}
Will    .....                   w - +1 pair of boots {Stlth+}
Stlth   +++.......              (no amulet)
HPRegen 0.10/turn               m - ring of wizardry
MPRegen 0.14/turn               (no ring)

@: hasted, repel missiles, very quick
A: no striking features
a: Renounce Religion


You were on level 4 of the Dungeon.
You worshipped Vehumet.
Vehumet was aware of your devotion.
You visited 1 branch of the dungeon, and saw 4 of its levels.

You collected 294 gold pieces.

Inventory:

Hand Weapons
 a - a +1 rapier (weapon)
 c - a +0 dagger
Missiles
 t - 2 throwing nets
Armour
 i - the +1 leather armour of Beauty (worn) {rC+}
   (You took it off a kobold on level 2 of the Dungeon)

   rC:        It protects you from cold.
 o - a scarf of repulsion (worn)
 r - a +1 helmet (worn)
 s - the +1 pair of gloves "Hinwigawn" (worn) {rN++ Dex+2}
   (You found it on level 3 of the Dungeon)

   Dex:       It affects your dexterity (+2).
   rN:        It greatly protects you from negative energy.
 w - a +1 pair of boots of stealth (worn)
Jewellery
 m - a ring of wizardry (left hand)
 v - a ring of see invisible
Wands
 n - a wand of roots (11)
Scrolls
 d - 3 scrolls of magic mapping
 q - 3 scrolls of fog
 u - a scroll of amnesia
Potions
 b - a potion of magic
 e - a potion of heal wounds
 f - a potion of cancellation
 g - a potion of degeneration
 h - a potion of lignification {unknown}
 j - a potion of mutation
 k - a potion of attraction
 l - 3 potions of curing
 p - 2 potions of haste


   Skills:
 - Level 2.4 Dodging
 - Level 2.4 Stealth
 + Level 5.1 Spellcasting
 * Level 7.0 Conjurations
 * Level 5.1 Hexes


You had 5 spell levels left.
You knew the following spells:

 Your Spells              Type           Power      Damage    Failure   Level
a - Magic Dart            Conj           100%       1d8       1%          1
b - Searing Ray           Conj           82%        2d7       1%          2
c - Dazzling Flash        Conj/Hex       72%        N/A       1%          3
d - Fulminant Prism       Conj/Hex       18%        3d11      4%          4

Your spell library contained the following spells:

 Spells                   Type           Power      Damage    Failure   Level
 Foxfire                  Conj/Fire      92%        2x1d8     1%          1
 Scorch                   Fire           12%        2d5       9%          2
 Flame Wave               Conj/Fire      23%        2d8       14%         4
 Iskenderun's Mystic Bla  Conj/Tloc      23%        2d6       14%         4
 Frozen Ramparts          Ice            12%        1d2       17%         3
 Ice Form                 Ice/Tmut       6%         N/A       47%         4
 Summon Ice Beast         Ice/Summ       6%         N/A       47%         4
 Summon Cactus Giant      Summ           3%         N/A       100%        6


Dungeon Overview and Level Annotations

Branches:
Dungeon (4/15)
 Temple: D:4-7

Altars:
Kikubaaqudgha
Makhleb
Uskayaw
Vehumet
Xom

Annotations:
D:4 3 runed translucent doors, Ashen's ghost, amateur DsHW; Crazy Yiuf; Larmestyx's ghost, amateur DsNe; MisterFreud's ghost, weakling GnDe; diceflayer's ghost, amateur NaGl; ioannis32's ghost, novice DsBe


Message History

w - a +1 pair of boots of stealth You start putting on your armour.
You continue putting on your +1 pair of boots of stealth. x4
You finish putting on your +1 pair of boots of stealth.
You feel stealthy.
There is a fountain of clear blue water here.
Found a runed translucent door.
Crazy Yiuf shouts!
You open the door.
Crazy Yiuf says, "Defame!
You hog shoe."
Casting: Searing Ray (safe; 1% risk of failure)
Confirm with . or Enter, or press ? or * to list all spells.
Casting: Dazzling Flash (safe; 1% risk of failure)
Press: ? - help, Dir - look around, f - activate Crazy Yiuf says, "Citrus snockshim Hive!"
Casting: Dazzling Flash (safe; 1% risk of failure)
Confirm with . or Enter, or press ? or * to list all spells.
Casting: Dazzling Flash (safe; 1% risk of failure)
Press: ? - help, Dir - look around, f - activate Crazy Yiuf is dazzled.
Crazy Yiuf barely misses you.
Crazy Yiuf screams, "Mama!
Shadow pizzabubble hand."
Casting: Dazzling Flash (safe; 1% risk of failure)
Confirm with . or Enter, or press ? or * to list all spells.
Aiming: Searing Ray (safe; 1% risk of failure)
Press: ? - help, Shift-Dir - straight line, f - Crazy Yiuf
Aim: Crazy Yiuf, wielding a +4 quarterstaff of chaos and wearing a +0 cloak (blind, 84% to hit)
The searing ray hits Crazy Yiuf.
Crazy Yiuf is moderately wounded. (Press . to maintain the ray.) Crazy Yiuf hits you with a +4 quarterstaff of chaos!
Ouch! That really hurt!
You feel yourself speed up.
The searing ray hits Crazy Yiuf but does no damage.
Crazy Yiuf is moderately wounded.
Crazy Yiuf is no longer blind.
The searing ray hits Crazy Yiuf.
Crazy Yiuf is heavily wounded.
Crazy Yiuf hits you with a +4 quarterstaff of chaos!
Ouch! That really hurt!
You die...

##### #)..# #...# ... #'# ######
#.## #....# ##.# #....# #g##
#....# ##@# #....# ###### ##.##
#....# #....### ##...# #...)#
#.##...# #....# #....########
#..##### #....# #.........[.#
###.#########..####...........#
##........#.#....#.####.)......#
.....####.#.#..............†...#
.....# #.#.....##.#...#.......#


You could see Crazy Yiuf.

Vanquished Creatures
  A scorpion (D:4)
  A necrophage (D:4)
  2 orc priests
  Ijyb (D:3)
  Natasha (thrice) (D:3)
  2 orc wizards (D:4)
  5 adders
  A worm (D:3)
  8 orcs
  7 ball pythons
  6 endoplasms
  4 giant cockroaches
  6 goblins
  13 hobgoblins
  9 jackals
  A quokka (D:4)
  5 bats
  A frilled lizard (D:1)
  7 kobolds
  2 rats (D:2)
85 creatures vanquished.

Vanquished Creatures (others)
  6 fulminant prisms (D:4)
  7 plants (D:2)
13 creatures vanquished.

Grand Total: 98 creatures vanquished

Notes
Turn   | Place    | Note
-------+----------+-------------------------------------------
     0 | D:1      | raph the Deep Elf Conjurer began the quest for the Orb.
     0 | D:1      | Reached XP level 1. HP: 10/10 MP: 6/6
   263 | D:1      | Reached XP level 2. HP: 15/15 MP: 4/8
   351 | D:1      | Learned a level 2 spell: Searing Ray
   426 | D:1      | Reached skill level 5 in Conjurations
   732 | D:1      | Reached XP level 3. HP: 19/19 MP: 2/10
   736 | D:1      | Learned a level 3 spell: Dazzling Flash
  1312 | D:2      | Found a radiant altar of Vehumet.
  1320 | D:2      | Became a worshipper of Vehumet
  1403 | D:2      | Reached skill level 1 in Hexes
  1448 | D:2      | Identified the +1 leather armour of Beauty {rC+}
  2138 | D:3      | Noticed Natasha
  2144 | D:3      | Killed Natasha
  2145 | D:3      | Reached XP level 4. HP: 24/24 MP: 6/11
  2199 | D:3      | Noticed Ijyb
  2199 | D:3      | Noticed Natasha
  2215 | D:3      | Killed Ijyb
  2552 | D:3      | Killed Natasha
  2553 | D:3      | Reached XP level 5. HP: 28/28 MP: 8/13
  2655 | D:3      | Noticed Natasha
  2658 | D:3      | Killed Natasha
  2659 | D:3      | Reached skill level 6 in Conjurations
  2702 | D:3      | Identified the +1 pair of gloves "Hinwigawn" {rN++ Dex+2}
  2743 | D:3      | Found an ancient bone altar of Kikubaaqudgha.
  2862 | D:3      | Found a shimmering altar of Xom.
  3091 | D:3      | Found a faded altar of an unknown god.
  3473 | D:3      | Learned a level 4 spell: Fulminant Prism
  3489 | D:4      | Noticed a +0 falchion
  3489 | D:4      | Noticed a +0 dagger
  3489 | D:4      | Noticed a +0 spear
  3489 | D:4      | Noticed a +0 spear
  3489 | D:4      | Noticed a +0 falchion
  3489 | D:4      | Noticed a +0 dagger
  3489 | D:4      | Found a runed translucent gate.
  3489 | D:4      | Found a runed translucent gate.
  3489 | D:4      | Found a runed translucent gate.
  3490 | D:4      | Noticed a +0 short sword
  3490 | D:4      | Noticed a +0 short sword
  3494 | D:4      | Found a hide-covered altar of Uskayaw.
  3551 | D:4      | Noticed ioannis32's ghost (novice DsBe)
  3553 | D:4      | Noticed diceflayer's ghost (amateur NaGl)
  3553 | D:4      | Noticed MisterFreud's ghost (weakling GnDe)
  3553 | D:4      | Noticed Ashen's ghost (amateur DsHW)
  3553 | D:4      | Noticed Larmestyx's ghost (amateur DsNe)
  3660 | D:4      | Reached XP level 6. HP: 22/32 MP: 1/15
  4088 | D:4      | Reached * piety under Vehumet
  4088 | D:4      | Offered knowledge of Foxfire by Vehumet.
  4271 | D:4      | Found a burning altar of Makhleb.
  4322 | D:4      | Reached skill level 5 in Spellcasting
  4322 | D:4      | Reached skill level 5 in Hexes
  4696 | D:4      | Reached skill level 7 in Conjurations
  4887 | D:4      | Found a runed translucent door.
  4888 | D:4      | Noticed Crazy Yiuf
  4899 | D:4      | Slain by Crazy Yiuf

Illustrated notes

Levels and vault maps discovered:
D:1:      psy_arrival_conway, layout_rooms, minivault_24,
          chequers_serial_rivers_small_b
D:2:      layout_loops_cross, basic_altar, serial_bayou_pond_b
D:3:      layout_rooms, mainiacjoe_overflow_chevrons, amcnicky_altar_gilded,
          dreamdust_ecumenical_altar_statues, uniq_natasha, uniq_ijyb
D:4:      layout_rooms, mainiacjoe_overflow_tiny_flanked,
          nicolae_uskayaw_en_pointe, gammafunk_ghost_cemetery,
          nicolae_elevator_lobby_asterisk, uniq_crazy_yiuf_cottage

Skill      XL: |  1  2  3  4  5  6 |
---------------+-------------------+-----
Conjurations   | 5 6 7 |  7.0
Hexes          | 2 3 4 5 |  5.1
Spellcasting   | 4 5 |  5.1
Dodging        | |  2.4
Stealth        | |  2.4

Action                   |  1- 3 |  4- 6 || total
-------------------------+-------+-------++-------
Melee: Dagger            |       |     2 ||     2
       Rapier            |       |     2 ||     2
 Cast: Magic Dart        |    41 |    12 ||    53
       Searing Ray       |    20 |    31 ||    51
       Fulminant Prism   |       |     6 ||     6
       Dazzling Flash    |       |     2 ||     2
  Use: Scroll            |    10 |     5 ||    15
Armor: Robe              |     8 |       ||     8
       Leather armour    |       |    17 ||    17
Dodge: Dodged            |     9 |    20 ||    29
       Repelled          |       |     1 ||     1
